 Dungeon Crawl Stone Soup version 0.31.0-7-gf635a9b802 (webtiles) character file.

Game seed: 10895466195969464028

6292 EnlightenedBush the Shield-Bearer (level 10, 0/90 (96) HPs)
             Began as a Troll Fighter on Jan 23, 2024.
             Was a Priest of Qazlal.
             Slain by a vampire (6 damage)
             ... on level 10 of the Dungeon.
             The game lasted 00:33:49 (7521 turns).

EnlightenedBush the Shield-Bearer (Troll Fighter)   Turns: 7521, Time: 00:33:49

HP:   0/90 (96)     AC:  6    Str: 30    XL:     10   Next: 63%
MP:   9/9           EV: 10    Int:  7    God:    Qazlal [***...]
Gold: 308           SH:  0    Dex:  9    Spells: 9/9 levels left

rFire   . . .        s - +10 spear "Acarine's Doom" {spect, Int+3}
rCold   . . .        b - +0 kite shield
rNeg    . . .        o - +2 robe {Will+}
rPois   .            (helmet restricted)
rElec   .            (no cloak)
rCorr   .            (gloves unavailable)
SInv    .            (boots unavailable)
Will    +....        (no amulet)
Stlth   +            (no ring)
HPRegen 1.15/turn    (no ring)
MPRegen 0.11/turn

%: no passive effects
@: confused, mighty, drained
A: large, unfitting armour, claws 3, regeneration 1, shaggy fur 1, tough skin 1
a: Renounce Religion, Upheaval, Elemental Force


You were on level 10 of the Dungeon.
You worshipped Qazlal.
Qazlal was most pleased with you.
You visited 3 branches of the dungeon, and saw 12 of its levels.
You also visited: Ossuary.

You collected 308 gold pieces.

Inventory:

Hand Weapons
 s - the +10 spear "Acarine's Doom" (weapon) {spect, Int+3}
   (You found it on level 3 of the Dungeon)

   Int+3:     It affects your intelligence (+3).
Missiles
 I - 2 throwing nets (quivered)
Armour
 a - an orb of guile
 b - a +0 kite shield (worn)
 o - a +2 robe of willpower (worn)
Magical Staves
 u - a staff of death
Jewellery
 y - a +4 ring of protection
 E - an amulet of guardian spirit
Wands
 G - a wand of flame (11)
Scrolls
 d - 2 scrolls of blinking {unknown}
 e - 3 scrolls of immolation
 f - 3 scrolls of enchant armour {unknown}
 h - 8 scrolls of identify {unknown}
 k - 2 scrolls of vulnerability {unknown}
 l - a scroll of fog {unknown}
 m - 4 scrolls of teleportation {unknown}
 q - a scroll of noise {unknown}
 r - 2 scrolls of poison {unknown}
 v - 3 scrolls of amnesia {unknown}
 x - a scroll of torment {unknown}
 C - a scroll of summoning {unknown}
 H - a scroll of fear {unknown}
Potions
 c - 3 potions of might
 g - 7 potions of curing {unknown}
 i - 2 potions of magic {unknown}
 j - 4 potions of heal wounds {unknown}
 n - a potion of resistance {unknown}
 p - 3 potions of brilliance {unknown}
 t - a potion of berserk rage {unknown}
 w - a potion of lignification {unknown}
 z - a potion of enlightenment {unknown}
 A - 2 potions of mutation {unknown}
 B - a potion of degeneration {unknown}
 D - 2 potions of attraction {unknown}
 F - 2 potions of haste


   Skills:
 + Level 5.3 Fighting
 + Level 6.3 Polearms
 + Level 6.5 Dodging
 + Level 2.4 Stealth
 + Level 7.6 Shields
 + Level 6.6 Unarmed Combat


You had 9 spell levels left.
You didn't know any spells.
Your spell library contained the following spells:

 Spells                   Type           Power      Damage    Failure   Level
 Apportation              Tloc           0%         N/A       61%         1
 Necrotise                Necr           0%         1d4       61%         1
 Slow                     Hex            0%         N/A       61%         1
 Sting                    Conj/Alch      0%         1d3       61%         1
 Summon Small Mammal      Summ           0%         N/A       61%         1
 Confusing Touch          Hex            0%         N/A       93%         3
 Sigil of Binding         Hex            0%         N/A       93%         3
 Vampiric Draining        Necr           0%         2d6       93%         3
 Summon Forest            Summ/Tloc      0%         N/A       100%        5
 Eringya's Noxious Bog    Alch           0%         4d6       100%        6
 Summon Hydra             Summ           0%         N/A       100%        7


Dungeon Overview and Level Annotations

Branches:
Dungeon (10/15)            Temple (1/1) D:6            Lair (1/5) D:9
    Orc (0/2) D:9         Ossuary (visited)

Altars:
Ashenzari
Cheibriados
Dithmenos
Elyvilon
Fedhas
Gozag
Hepliaklqana
Kikubaaqudgha
Nemelex Xobeh
Okawaru
Qazlal
Ru
Vehumet
Wu Jian
Xom
The Shining One

Shops:
D:7 *

Annotations:
D:9 exclusion: ice statue


Innate Abilities, Weirdness & Mutations

You are too large for most types of armour.
You have claws for hands.
Your natural rate of healing is unusually fast.
You are covered in fur. (AC +1)
You have tough skin. (AC +1)


Message History

You block the orc wizard's attack. Something hits you!
You block something's attack.
You barely miss the orc wizard.
Your +10 spear "Acarine's Doom" {spect, Int+3} closely misses the orc wizard.
You feel sick.
Your +10 spear "Acarine's Doom" {spect, Int+3} is engulfed in freezing vapours. x2
The orc closely misses you. You block the orc wizard's attack.
Your +10 spear "Acarine's Doom" {spect, Int+3} is engulfed in freezing vapours.
Something hits you. Something bites you!
Something draws strength from your injuries!
You hit the orc wizard.
The orc wizard is heavily wounded.
Your +10 spear "Acarine's Doom" {spect, Int+3} closely misses the orc wizard.
You feel sick. You block the orc's attack. You block the orc wizard's attack.
You hear some strange, mumbled words.
You are confused.
The orc hits you with a +0 hand axe.
You feel very mighty all of a sudden.
Your +10 spear "Acarine's Doom" {spect, Int+3} disappears.
You feel sick. The orc hits you with a +0 short sword.
The orc wizard points at you and mumbles some strange words.
The magic dart hits you. The orc hits you with a +0 hand axe.
Something hits you! Something bites you!
* * * LOW HITPOINT WARNING * * *
Something draws strength from your injuries!
You puncture the orc wizard!
You kill the orc wizard!
Qazlal accepts your kill.
You feel sick.
The orc is engulfed in blazing flames.
You kill the orc!
Qazlal accepts your kill.
You feel sick.
You are no longer poisoned.
Something hits you.
* * * LOW HITPOINT WARNING * * *
Something completely misses you. Something hits you!
* * * LOW HITPOINT WARNING * * *
Something bites you.
You die...

.>.............#...#
#.########.#####...####.#
.... #.....# #..........#
#....+...))# #..........#
##...#....)# #..........#
.....##..# #...~~.....#
###......# #....~......
.........###..o......##
...#.......'..@........
.. ###...###...☼°....##
#...# #.........# #...#
#.........# #...#
#........... ##...
#........... ....
#########.## #.##. .#


You could see an orc.

Vanquished Creatures
  A black mamba (Lair:1)
  A cane toad (Lair:1)
  A komodo dragon (D:9)
  A hornet (D:9)
  3 blink frogs (Lair:1)
  Sigmund (D:2)
  4 yaks (D:9)
  A wyvern (D:8)
  Menkaure (D:4)
  A water moccasin (D:6)
  2 black bears
  3 orc warriors
  2 ice beasts
  2 ogres
  A centaur (D:8)
  A phantom (D:6)
  2 elf zombies (Ossuary)
  3 kobold brigands
  4 bullfrogs
  2 scorpions
  5 wights (D:6)
  A howler monkey (D:7)
  4 centaur zombies (Ossuary)
  4 hounds
  4 human zombies (Ossuary)
  8 orc priests
  2 bombardier beetles
  Crazy Yiuf (D:3)
  A gnoll bouda (D:9)
  2 sleepcaps
  3 iguanas
  Terence (D:2)
  14 orc wizards
  A crocodile zombie (Ossuary)
  3 mummies (Ossuary)
  5 gnolls (D:9)
  6 adders
  A shadow imp (D:8)
  A white imp (D:5)
  2 ufetubi (D:6)
  3 dart slugs
  A ribbon worm (D:3)
  40 orcs
  4 endoplasms
  4 giant cockroaches
  3 goblins
  7 hobgoblins
  A jackal (D:1)
  21 kobolds
  3 quokkas (D:2)
  8 ball pythons
  3 bats (D:3)
  3 frilled lizards
  4 rats
  A spectral weapon (D:9)
212 creatures vanquished.

Notes
Turn   | Place    | Note
-------+----------+-------------------------------------------
     0 | D:1      | EnlightenedBush the Troll Fighter began the quest for the
                  | Orb.
     0 | D:1      | Reached XP level 1. HP: 22/22 MP: 0/0
   470 | D:1      | Found a faded altar of an unknown god.
   512 | D:1      | Prayed at the altar of an unknown god.
   512 | D:1      | Became a worshipper of Nemelex Xobeh the Trickster
   512 | D:1      | Reached * piety under Nemelex Xobeh
   582 | D:1      | Reached XP level 2. HP: 29/29 MP: 1/1
   868 | D:1      | Received a gift from Nemelex Xobeh
  1043 | D:2      | Reached skill level 3 in Shields
  1047 | D:2      | Noticed Terence
  1054 | D:2      | Killed Terence
  1055 | D:2      | Reached XP level 3. HP: 34/36 MP: 2/2
  1255 | D:2      | Reached XP level 4. HP: 29/44 MP: 3/3
  1286 | D:2      | Noticed Sigmund
  1302 | D:2      | Killed Sigmund
  1303 | D:2      | Reached XP level 5. HP: 35/52 MP: 4/4
  1583 | D:3      | Found an iron altar of Okawaru.
  1583 | D:3      | Noticed a black bear
  1594 | D:3      | Killed a black bear
  1595 | D:3      | Reached XP level 6. HP: 57/61 MP: 5/5
  1612 | D:3      | Reached ** piety under Nemelex Xobeh
  1617 | D:3      | Received a gift from Nemelex Xobeh
  1671 | D:3      | Found a runed translucent door.
  1672 | D:3      | Noticed Crazy Yiuf
  1680 | D:3      | Killed Crazy Yiuf
  1923 | D:3      | Identified the +10 spear "Acarine's Doom" {spect, Int+3}
  2085 | D:3      | Found a sacrificial altar of Ru.
  2317 | D:4      | Noticed Menkaure
  2322 | D:4      | Killed Menkaure
  2323 | D:4      | Reached skill level 5 in Unarmed Combat
  2323 | D:4      | Reached XP level 7. HP: 65/67 MP: 6/6
  2376 | D:4      | You fall into a shaft and drop 1 floor!
  2376 | D:5      | Entered Level 5 of the Dungeon
  2389 | D:5      | Reached skill level 1 in Stealth
  2389 | D:5      | Reached skill level 4 in Shields
  2566 | D:5      | Received a gift from Nemelex Xobeh
  2629 | D:5      | Reached skill level 1 in Polearms
  2668 | D:5      | Reached XP level 8. HP: 60/75 MP: 7/7
  2704 | D:5      | Reached *** piety under Nemelex Xobeh
  3015 | D:6      | Found a staircase to the Ecumenical Temple.
  3026 | Temple   | Entered the Ecumenical Temple
  3061 | Temple   | Fell from the grace of Nemelex Xobeh
  3061 | Temple   | Became a worshipper of Qazlal Stormbringer
  3183 | D:6      | Reached skill level 5 in Shields
  3433 | D:6      | Found a shadowy altar of Dithmenos.
  3479 | D:6      | Reached skill level 5 in Dodging
  3636 | D:6      | Reached XP level 9. HP: 84/84 MP: 8/8
  3790 | D:6      | Reached * piety under Qazlal
  4479 | D:7      | Found a white marble altar of Elyvilon.
  4625 | D:7      | Found a sand-covered staircase.
  4638 | Ossuary  | Entered an ossuary
  4953 | D:7      | Found a glowing golden altar of the Shining One.
  4970 | D:7      | Reached ** piety under Qazlal
  4982 | D:7      | Found Jumesomm's Antique Weapon Shoppe.
  5126 | D:7      | Found Zutom's Overcharged Wands.
  5239 | D:7      | Found a shimmering altar of Xom.
  5389 | D:7      | Reached skill level 6 in Shields
  5853 | D:8      | Reached skill level 5 in Polearms
  6253 | D:9      | Reached XP level 10. HP: 54/94 MP: 9/9
  6463 | D:9      | Paralysed by a hornet for 2 turns
  6468 | D:9      | Paralysed by a hornet for 3 turns
  6629 | D:9      | Reached *** piety under Qazlal
  6630 | D:9      | Found a staircase to the Orcish Mines.
  6754 | D:9      | Reached skill level 5 in Fighting
  6831 | D:9      | Reached skill level 7 in Shields
  6871 | D:9      | Found an ornate altar of the Wu Jian Council.
  6956 | D:9      | Found a staircase to the Lair.
  6984 | Lair:1   | Entered Level 1 of the Lair of Beasts
  6988 | Lair:1   | Noticed a cane toad
  6996 | Lair:1   | Killed a cane toad
  7027 | Lair:1   | Noticed a black mamba
  7036 | Lair:1   | Killed a black mamba
  7218 | D:9      | Noticed an ice statue
  7427 | D:10     | Entered Level 10 of the Dungeon
  7521 | D:10     | Slain by a vampire

Illustrated notes

Levels and vault maps discovered:
D:1:      dpeg_arrival_circle_labyrinth_a, layout_loops_ring,
          hellmonk_ecumenical_altar_blasted, minmay_statues_item,
          minmay_door_square, st_stairs_5
D:2:      layout_basic, minmay_tall_x, uniq_terence, uniq_sigmund
D:3:      layout_rooms, okawaru_trees_2, lemuel_doored_altar,
          uniq_crazy_yiuf_cottage
D:4:      layout_cave_pods, kennysheep_mini_moat, st_stairs_5,
          minmay_fractal_squares_5, uniq_edmund, uniq_menkaure
D:5:      layout_cave_pools
D:6:      layout_loops_ring, old_standard_altar, minmay_temple_entry_crystal_x,
          nicolae_concentric_dashed_squares_wild, grunt_ministairs_12
D:7:      layout_loops_cross, mainiacjoe_overflow_large_starburst,
          mainiacjoe_overflow_24_doors, serial_co_window_serial,
          co_window_corner_a, co_window_paths_a, co_window_corner_a,
          co_window_paths_a, co_window_paths_a, co_window_corner_ca,
          co_window_corner_cb, co_window_unsneaky_path_d, co_window_2corner,
          co_window_broadway_a, co_window_corner_b, co_window_4corner_a,
          co_window_paths_e, glass_columns_a, glass_columns_a, glass_columns_a,
          glass_columns_b, chequers_ossuary_entry_cave, serial_shops, shop,
          nicolae_shop_overcharged_wands
D:8:      layout_basic
D:9:      minmay_statue_hallways, layout_irregular_city,
          nicolae_wu_jian_wuxing_cycle, david_lair_shrubbed, orc_david_3,
          serial_glass, glass_columns_b, glass_columns_b, feat_on_display,
          due_unseen_surprise
D:10:     layout_basic, grunt_temple_overflow_order_and_chaos_2,
          yredelemnul_altar_generic, dancing_weapons_uskayaw,
          kennysheep_little_box, sword_in_stone, uniq_amaemon
Temple:   nicolae_temple_cloud_nine
Lair:1:   layout_long_grid, kennysheep_abandoned_house, grunt_megastairs_4,
          infiniplex_staircase_pool_2

Skill      XL: |  1  2  3  4  5  6  7  8  9 10 |
---------------+-------------------------------+-----
Shields        | 3 4 5 6 7 |  7.6
Dodging        | 3 4 5 6 |  6.5
Unarmed Combat | 4 5 6 |  6.6
Fighting       | 3 4 5 |  5.3
Stealth        | 1 2 |  2.4
Polearms       | 1 3 5 6 |  6.3

Action                     |  1- 3 |  4- 6 |  7- 9 | 10-12 || total
---------------------------+-------+-------+-------+-------++-------
  Melee: Unarmed           |    59 |    85 |       |       ||   144
         Spear             |       |     7 |   227 |   116 ||   350
    Use: Potion            |       |     2 |       |     1 ||     3
   Stab: Sleeping          |       |     1 |       |       ||     1
         Distracted        |       |       |     4 |       ||     4
 Armour: Robe              |    37 |    51 |   168 |    77 ||   333
  Dodge: Dodged            |    20 |    30 |    89 |    29 ||   168
  Block: Kite shield       |    19 |    42 |   130 |    86 ||   277
